 Dungeon Crawl Stone Soup version 0.24-a0-630-g0d56a851f4 (webtiles) character file.

Game seed: 5278969656560245687, levelgen mode: deterministic

305 mFoog the Ruffian (level 6, -2/62 HPs)
             Began as a Troll Berserker on Sept 20, 2019.
             Was a Believer of Trog.
             Slain by a gnoll
             ... wielding a +0 halberd
              (14 damage)
             ... on level 4 of the Dungeon.
             The game lasted 00:15:49 (779 turns).

mFoog the Ruffian (Troll Berserker)                  Turns: 779, Time: 00:15:49

Health: -2/62      AC:  7    Str: 26    XL:     6   Next: 15%
Magic:  5/5        EV: 11    Int:  3    God:    Trog [**....]
Gold:   20         SH:  0    Dex: 11    Spells: 5/5 levels left

rFire    . . .     SeeInvis .   h - +0 giant spiked club
rCold    . . .     Gourm    +   (shield currently unavailable)
rNeg     . . .     Faith    .   a - +0 animal skin
rPois    .         Spirit   .   (helmet restricted)
rElec    .         Reflect  .   (no cloak)
rCorr    .         Harm     .   (gloves unavailable)
MR       .....                  (boots unavailable)
Stlth    +.........             (no amulet)
HPRegen  0.60/turn              (no ring)
MPRegen  0.09/turn              (no ring)

@: berserk cooldown, slowed, very slow
A: large, unfitting armour, claws 3, rugged brown scales 1, fast metabolism 3,
gourmand, regeneration 1, shaggy fur 1, tough skin 3, MP-powered wands
a: Berserk, Trog's Hand, Renounce Religion


You were on level 4 of the Dungeon.
You worshipped Trog.
Trog was pleased with you.
You were not hungry.

You visited 1 branch of the dungeon, and saw 4 of its levels.

You collected 20 gold pieces.

Inventory:

Hand Weapons
 h - a +0 giant spiked club (weapon)
Armour
 a - a +0 animal skin (worn)
Scrolls
 g - a scroll of blinking
Potions
 d - a potion of curing
 f - a potion of flight
 i - 2 potions of berserk rage
Comestibles
 b - 4 rations
 c - a chunk of flesh


   Skills:
 + Level 3.6 Fighting
   Level 1.1(1.5) Axes
 + Level 1.5(1.8) Maces & Flails
 + Level 3.7 Dodging
 + Level 4.2 Unarmed Combat


You had 5 spell levels left.
You didn't know any spells.
Your spell library was empty.

Dungeon Overview and Level Annotations

Branches:
Dungeon (4/15)
 Temple: D:4-7

Altars:
Dithmenos


Innate Abilities, Weirdness & Mutations

You are too large for most types of armour.
You have claws for hands.
Your metabolism is lightning-fast.
You like to eat raw meat.
Your natural rate of healing is unusually fast.
You are covered in fur. (AC +1)
You have extremely tough skin. (AC +3)
You are partially covered in rugged brown scales. (AC +1, +3% HP)
You expend magic power (3 MP) to strengthen your wands.


Message History

You completely miss the gnoll.
The phantom blinks!
The gnoll closely misses you. The gnoll hits you with a +0 halberd.
You barely miss the gnoll.
You are no longer berserk.
You are exhausted.
You feel yourself slow down. The gnoll completely misses you.
The gnoll barely misses you.
You closely miss the gnoll.
The gnoll hits you from afar with a +0 spear.
The gnoll hits you with a +0 halberd!
The phantom hits you but does no damage.
The gnoll hits you but does no damage. x2; The phantom hits you!
* * * LOW HITPOINT WARNING * * *
The gnoll barely misses you.
You feel better. The phantom hits you.
* * * LOW HITPOINT WARNING * * *
The gnoll hits you from afar with a +0 spear.
* * * LOW HITPOINT WARNING * * *
The gnoll hits you with a +0 halberd!
You die...

...P≈≈≈PP..#....§§.....
#...≈≈≈≈≈≈.##...§§.§..##
#..P≈≈≈≈.))##.#+..+#####
#.≈≈≈≈≈P≈.....#....÷....
#.≈≈≈≈≈≈..########.)....
#...≈≈≈≈P.# ##.....
#..≈≈≈≈)..# #.....
...≈≈gW≈.####### ##.##.
....≈≈g@.....!.# #..#.
...≈≈≈P≈.......# #....
....≈≈≈≈.......# #....
#$..≈≈≈≈.......# #....
#.≈≈≈≈≈P.......#
..P≈≈≈≈≈.......#
..≈≈≈≈≈≈........
...≈≈≈≈........#


You could see a phantom and 2 gnolls.

Vanquished Creatures
  2 ogres (D:4)
  A bullfrog (D:4)
  A gnoll (D:4)
  3 adders
  An ooze (D:2)
  A worm (D:3)
  3 leopard geckos
  4 orcs
  A bat (D:2)
  A hobgoblin (D:1)
  4 jackals (D:4)
  2 frilled lizards
  2 goblins
  2 rats
  A plant (D:4)
29 creatures vanquished.

Vanquished Creatures (others)
  A plant (D:4)
1 creature vanquished.

Grand Total: 30 creatures vanquished

Notes
Turn   | Place    | Note
-------+----------+-------------------------------------------
     0 | D:1      | mFoog the Troll Berserker began the quest for the Orb.
     0 | D:1      | Reached XP level 1. HP: 22/22 MP: 0/0
    20 | D:1      | You fall into a shaft and drop 1 floor!
    81 | D:2      | Reached XP level 2. HP: 28/29 MP: 1/1
   164 | D:2      | Reached XP level 3. HP: 31/36 MP: 2/2
   369 | D:3      | Gained mutation: You expend magic power (3 MP) to
                  | strengthen your wands. [potion of mutation]
   369 | D:3      | Gained mutation: You are partially covered in rugged brown
                  | scales. (AC +1, +3% HP) [potion of mutation]
   613 | D:4      | Found a shadowy altar of Dithmenos.
   623 | D:4      | Noticed an ogre
   633 | D:4      | Killed an ogre
   633 | D:4      | Reached skill level 1 in Axes
   633 | D:4      | Reached XP level 4. HP: 46/46 MP: 3/3
   633 | D:4      | Reached XP level 5. HP: 54/54 MP: 4/4
   676 | D:4      | Reached skill level 4 in Unarmed Combat
   691 | D:4      | Noticed an ogre
   695 | D:4      | Reached ** piety under Trog
   700 | D:4      | Killed an ogre
   700 | D:4      | Reached skill level 1 in Maces & Flails
   700 | D:4      | Reached XP level 6. HP: 62/62 MP: 5/5
   779 | D:4      | Slain by a gnoll

Levels and vault maps discovered:
D:1:      dpeg_arrival_houses_and_road, layout_rooms
D:2:      layout_loops_ring, chequers_ecumenical_altar_grove
D:3:      minmay_evil_eye, layout_basic, nicolae_overflow_hidden_temple,
          first_ration
D:4:      layout_basic, grunt_dithmenos_smoke, minmay_temple_entry_grid,
          serial_shops, nicolae_shop_crystal, minivault_14, chequers_big_river,
          lemuel_another_geyser

Skill      XL: |  1  2  3  4  5 |
---------------+----------------+-----
Fighting       | 3 |  3.6
Axes           | 1 |  1.1
Dodging        | 3 |  3.7
Unarmed Combat | 4 |  4.2
Maces & Flails | 1 |  1.5

Action                   |  1- 3 |  4- 6 || total
-------------------------+-------+-------++-------
Melee: Unarmed           |    21 |       ||    21
       Hand axe          |    48 |     4 ||    52
       Giant spiked club |       |    52 ||    52
Invok: Berserk           |     1 |     2 ||     3
  Use: Potion            |     4 |     2 ||     6
       Scroll            |     1 |     1 ||     2
  Eat: Chunk             |     7 |     1 ||     8
       Ration            |     1 |       ||     1
Armor: Animal skin       |    33 |    19 ||    52
Dodge: Dodged            |    52 |    39 ||    91

Table legend:
 A = Non-vault XP
 B = Vault XP
 C = Vault XP percentage of total XP
 D = Non-vault monster count
 E = Vault monster count
 F = Vault count percentage of total count
                 A         B        C        D         E       F
            +---------+---------+-------+---------+---------+-------
      Total |     436 |       0 |   0.0 |      28 |       0 |   0.0
            +---------+---------+-------+---------+---------+-------
        D:1 |       7 |       0 |   0.0 |       4 |       0 |   0.0
        D:2 |      41 |       0 |   0.0 |       7 |       0 |   0.0
        D:3 |      26 |       0 |   0.0 |       6 |       0 |   0.0
        D:4 |     362 |       0 |   0.0 |      11 |       0 |   0.0
            +---------+---------+-------+---------+---------+-------
